Construct Section Command Post
Selects Canadian Shock Battlegroup
Selects Canadian Shock Battlegroup
Construct Platoon Command Post
6-pounder Anti-tank Gun Team
Selects Canadian Shock Section
6-pounder Anti-tank Gun Team
Construct Company Command Post
6-pounder Anti-tank Gun Team
6-pounder Anti-tank Gun Team
Selects Churchill Crocodile Heavy Tank
Churchill Crocodile Heavy Tank
Unlock M3 Grant Medium Tanks
Churchill Crocodile Heavy Tank
6-pounder Anti-tank Gun Team
6-pounder Anti-tank Gun Team
Unlock Towed 17-pounder Anti-tank Guns